[Event "Titled Tuesday Blitz January 31 Late 2023"]
[White "Kostiukov, Alexandr"]
[Black "Desideri, Ricardo Maruchi"]
[WhiteFideId "14108100"]
[BlackFideId "2110440"]
[WhiteElo "2271"]
[BlackElo "1959"]
[Result "1-0"]
[Round "05"]
[TimeControl "180+2"]
[Date "2023.01.31"]
[WhiteClock "0:00:50"]
[BlackClock "0:00:10"]

1. g3 c5 2. c4 e6 3. Nf3 b6 4. Bg2 Bb7 5. O-O Nf6 6. Nc3 Be7 7. d4 cxd4 8. Nxd4 Bxg2 9. Kxg2 Qc8 10. Qd3 O-O 11. b3 a6 12. Bb2 d6 13. Rfd1 Nbd7 14. Qf3 Ne5 15. Qe3 Qb7+ 16. Kg1 Rac8 17. h3 h6 18. Rd2 Rfd8 19. Rad1 Bf8 20. Nf3 Ng6 21. a4 Rc7 22. Ra1 Rcd7 23. a5 b5 24. cxb5 axb5 25. a6 Qb8 26. Ne4 Nd5 27. Qd3 Nb4 28. Qc3 Rc7 29. Qxb4 d5 30. Qa5 dxe4 31. a7 Qa8 32. Rxd8 Qxd8 33. a8=Q 1-0


[Site "https://www.chess.com"]

[Event "Titled Tuesday Blitz January 31 Late 2023"]
[White "kiwibobo"]
[Black "Aarav Dengla"]
[BlackFideId "45059756"]
[WhiteElo "2087"]
[BlackElo "2343"]
[Result "0-1"]
[Round "05"]
[TimeControl "180+2"]
[Date "2023.01.31"]
[WhiteClock "0:00:08"]
[BlackClock "0:00:12"]

1. e4 c5 2. Nf3 d6 3. d4 cxd4 4. Nxd4 Nf6 5. Nc3 a6 6. Be2 e5 7. Nb3 Be7 8. Bg5 Nbd7 9. a4 Qc7 10. O-O b6 11. Bxf6 Nxf6 12. Nd5 Nxd5 13. Qxd5 Bb7 14. Qd3 O-O 15. c4 a5 16. Nd2 Rac8 17. Nb1 f5 18. exf5 e4 19. Qh3 Qc5 20. Nc3 Bf6 21. Rac1 Rce8 22. Nd5 Bxb2 23. Rb1 Bd4 24. Nxb6 Qxf5 25. Nd7 e3 26. f3 Qxh3 27. gxh3 Bc6 28. Nxf8 Kxf8 29. Kg2 Re6 30. Bd3 Bxa4 31. Rb8+ Ke7 32. Rb7+ Kf6 33. Re1 g6 34. Rxh7 Bc3 35. Re2 Bd1 36. Kf1 a4 37. Ra7 Bb4 38. Rb7 Bc5 39. Rb8 a3 40. Ra8 Ke5 41. Re1 Bb3 42. Be2 Kd4 43. Ra1 Kc3 44. R1xa3 Bxa3 45. Rxa3 Kb4 46. Ra1 Re5 47. Rc1 Ka3 48. Kg2 Kb2 49. c5 Kxc1 50. c6 Rc5 51. f4 Rxc6 52. Kf3 Bd5+ 53. Kxe3 Rc5 54. Kd4 Be6 55. Bg4 Bxg4 56. hxg4 Rc2 57. Kd5 Rxh2 58. Kxd6 Rh4 59. f5 Rxg4 60. f6 Rf4 61. Ke7 g5 62. f7 g4 63. f8=Q Rxf8 64. Kxf8 g3 0-1


[Site "https://www.chess.com"]

[Event "Titled Tuesday Blitz January 31 Late 2023"]
[White "Corredor Castellanos, Camilo"]
[Black "Poeta, Caio Medeiros"]
[WhiteFideId "4425871"]
[BlackFideId "2142660"]
[WhiteElo "1957"]
[BlackElo "2088"]
[Result "0-1"]
[Round "05"]
[TimeControl "180+2"]
[Date "2023.01.31"]
[WhiteClock "0:02:12"]
[BlackClock "0:02:15"]

1. e4 c6 2. d4 d5 3. exd5 cxd5 4. Bd3 Nf6 5. c3 Qc7 6. Ne2 e6 7. O-O Bd6 8. Bg5 Nbd7 9. Nd2 O-O 10. f4 a6 11. Ng3 b5 12. Qf3 Bb7 13. a4 b4 14. Rac1 bxc3 15. bxc3 h6 16. Bh4 Qa5 17. Nh5 Ne4 18. Qg4 g6 19. Nxe4 dxe4 20. Bb1 Qxh5 0-1


[Site "https://www.chess.com"]

[Event "Titled Tuesday Blitz January 31 Late 2023"]
[White "Urbina Quiroz, Edwin"]
[Black "Vaglio Munoz, Jaime"]
[WhiteFideId "6500650"]
[BlackFideId "6500145"]
[WhiteElo "2129"]
[BlackElo "2174"]
[Result "1-0"]
[Round "05"]
[TimeControl "180+2"]
[Date "2023.01.31"]
[WhiteClock "0:02:50"]
[BlackClock "0:00:16"]

1. e4 c5 2. Nf3 g6 3. d4 cxd4 4. Nxd4 Nc6 5. Nc3 Bg7 6. Be3 Nf6 7. Bc4 O-O 8. Bb3 a5 9. f3 d5 10. Bxd5 Nxd5 11. exd5 Nb4 12. Nde2 Bf5 13. Rc1 b5 14. O-O Rc8 15. Nd4 Bxd4 16. Qxd4 Nxc2 17. Rxc2 Bxc2 18. Bh6 e5 19. Qxe5 f6 20. Qe2 Rf7 21. Qxc2 1-0


[Site "https://www.chess.com"]

[Event "Titled Tuesday Blitz January 31 Late 2023"]
[White "Curtis, John"]
[Black "Kaufman, Lawrence"]
[WhiteFideId "3200256"]
[BlackFideId "2000555"]
[WhiteElo "2292"]
[BlackElo "2188"]
[Result "1-0"]
[Round "05"]
[TimeControl "180+2"]
[Date "2023.01.31"]
[WhiteClock "0:00:16"]
[BlackClock "0:00:02"]

1. e4 e5 2. Nf3 Nf6 3. Nc3 Bb4 4. Nd5 Nxd5 5. exd5 O-O 6. c3 Bd6 7. d3 Re8 8. Be2 Bf8 9. O-O d6 10. a4 Nd7 11. Nd2 Nf6 12. Qb3 c6 13. dxc6 bxc6 14. Ne4 Be6 15. Nxf6+ Qxf6 16. Qc2 Qg6 17. Re1 d5 18. b4 Bd6 19. Qd2 h6 20. Bf1 f5 21. c4 Rad8 22. c5 Bb8 23. b5 e4 24. Bb2 d4 25. g3 h5 26. Bg2 Bd5 27. Bxd4 exd3 28. Rxe8+ Qxe8 29. Re1 Qd7 30. Bxd5+ Qxd5 31. Ba1 f4 32. Qb2 Qf7 33. Rd1 Rd5 34. Qb3 fxg3 35. hxg3 d2 36. bxc6 1-0


[Site "https://www.chess.com"]

[Event "Titled Tuesday Blitz January 31 Late 2023"]
[White "Sanchez, Sebastian Felipe"]
[Black "Almedina Ortiz, Edgardo J."]
[WhiteFideId "4403304"]
[BlackFideId "3100197"]
[WhiteElo "2427"]
[BlackElo "2156"]
[Result "1-0"]
[Round "05"]
[TimeControl "180+2"]
[Date "2023.01.31"]
[WhiteClock "0:01:02"]
[BlackClock "0:00:03"]

1. d4 Nf6 2. c4 e6 3. g3 d5 4. Nf3 Bb4+ 5. Nbd2 O-O 6. Bg2 dxc4 7. O-O b5 8. a4 c6 9. Qc2 Bb7 10. Rd1 a6 11. Ne5 Qxd4 12. Ndxc4 Qc5 13. Be3 Qe7 14. Nb6 Ra7 15. Nbd7 Nbxd7 16. Nxd7 Nxd7 17. Bxa7 Nc5 18. axb5 axb5 19. Rac1 Na6 20. Bxc6 Bxc6 21. Qxc6 Qxa7 22. Rd7 Qa8 23. Qxb5 Rb8 24. Qh5 1-0


[Site "https://www.chess.com"]

[Event "Titled Tuesday Blitz January 31 Late 2023"]
[White "Llanos, Guillermo"]
[Black "Romero Ruscalleda, Josep"]
[WhiteFideId "100358"]
[BlackFideId "2231859"]
[WhiteElo "2290"]
[BlackElo "2160"]
[Result "1-0"]
[Round "05"]
[TimeControl "180+2"]
[Date "2023.01.31"]
[WhiteClock "0:01:15"]
[BlackClock "0:00:15"]

1. d4 g6 2. e4 Bg7 3. c4 d6 4. Nc3 e5 5. Nge2 Nc6 6. Be3 exd4 7. Nxd4 Nge7 8. Be2 O-O 9. Qd2 f5 10. exf5 Bxd4 11. Bxd4 Nxf5 12. Be3 Nxe3 13. Qxe3 Bf5 14. O-O Qd7 15. Qd2 Rae8 16. Bf3 Ne5 17. Bd5+ Kh8 18. f4 Ng4 19. Rae1 c6 20. Bf3 Nf6 21. Qd4 c5 22. Qd2 Rxe1 23. Rxe1 Re8 24. Rd1 Re6 25. h3 h5 26. Nd5 Nxd5 27. Bxd5 Rf6 28. Qc3 Kg7 29. Re1 a6 30. a4 b6 31. Kh2 Qd8 32. Re3 Kh6 33. Qe1 Bd7 34. Qg3 Rf8 35. h4 Qf6 36. Qg5+ Qxg5 37. hxg5+ Kg7 38. Re7+ Kh8 39. Rxd7 Rxf4 40. Rxd6 b5 41. cxb5 axb5 42. axb5 Rb4 43. b6 Rxb2 44. b7 Kg7 45. Rd7+ Kf8 46. Rd8+ Ke7 47. b8=Q 1-0


[Site "https://www.chess.com"]

[Event "Titled Tuesday Blitz January 31 Late 2023"]
[White "Floresvillar Gonzalez, Luis Migu"]
[Black "Fathy, Elameir"]
[WhiteFideId "5100542"]
[BlackFideId "10600396"]
[WhiteElo "2043"]
[BlackElo "2300"]
[Result "1-0"]
[Round "05"]
[TimeControl "180+2"]
[Date "2023.01.31"]
[WhiteClock "0:00:07"]
[BlackClock "0:00:02"]

1. d4 d5 2. Bf4 c5 3. c3 Nc6 4. e3 Bf5 5. Bd3 Bxd3 6. Qxd3 Qb6 7. b3 e6 8. Ne2 Nf6 9. Nd2 Be7 10. O-O O-O 11. f3 Nh5 12. Be5 f6 13. Bg3 Nxg3 14. Nxg3 Rad8 15. Rad1 g6 16. Ne2 e5 17. dxe5 fxe5 18. c4 d4 19. exd4 cxd4 20. Ne4 Nb4 21. Qd2 d3+ 22. Kh1 dxe2 23. Qxe2 Nc6 24. Rd5 Rxd5 25. cxd5 Nd4 26. Qc4 Bd6 27. h3 Qc7 28. Nxd6 Qxd6 29. Rc1 Kg7 30. a4 Rf7 31. b4 Rd7 32. b5 Qxd5 33. Qxd5 Rxd5 34. Rc7+ Kf6 35. Rxb7 Nb3 36. Rxh7 Rd1+ 37. Kh2 Rd4 38. Rxa7 Rb4 39. Ra6+ Kf5 40. b6 Nc5 41. Ra5 Nxa4 42. b7 Nc3 43. g4+ Kf4 44. Ra3 Nd5 45. Ra4 Rxa4 46. b8=Q Ra2+ 47. Kg1 Ra1+ 48. Kf2 Ra2+ 49. Ke1 Ra1+ 50. Kd2 Ra2+ 51. Kc1 Kxf3 52. Qxe5 Ne3 53. Qf6+ Kg3 54. Qxg6 Ra1+ 55. Kb2 Rh1 56. g5 Rh2+ 57. Kc3 Kxh3 58. Qh6+ Kg3 59. Qd6+ Kh3 60. g6 Rg2 61. Qd7+ Kh2 62. g7 1-0


[Site "https://www.chess.com"]

[Event "Titled Tuesday Blitz January 31 Late 2023"]
[White "Nunez V, Gustavo Eduardo"]
[Black "Ardila, Oscar Humberto"]
[WhiteFideId "4403690"]
[BlackFideId "4404742"]
[WhiteElo "2212"]
[BlackElo "1982"]
[Result "0-1"]
[Round "05"]
[TimeControl "180+2"]
[Date "2023.01.31"]
[WhiteClock "0:00:15"]
[BlackClock "0:00:22"]

1. e4 e5 2. Nc3 Nf6 3. g3 Nc6 4. Bg2 g6 5. Nge2 Bg7 6. O-O O-O 7. d3 d6 8. h3 a6 9. f4 b5 10. f5 b4 11. Nb1 Ne7 12. g4 h6 13. Ng3 c6 14. Be3 Bd7 15. Qd2 Kh7 16. Qxb4 c5 17. Qd2 Rb8 18. c3 Qb6 19. Rf2 Rb7 20. Na3 Rfb8 21. Nc4 Qc7 22. fxg6+ fxg6 23. Raf1 Neg8 24. Bxh6 Bxh6 25. g5 Be6 26. gxh6 Bxc4 27. dxc4 Rxb2 28. Qg5 Rxf2 29. Rxf2 Rf8 30. h4 Qf7 31. Nf1 Nxh6 32. Ne3 Qg7 33. Rb2 Rf7 34. Rb6 Rd7 35. Kh2 Nf7 36. Qg3 Qh6 37. Kg1 Nh5 38. Qg4 Re7 39. Qf3 Nf4 40. Ng4 Qxh4 41. Rxa6 Ng5 42. Qd1 Qg3 43. Nf6+ Kg7 44. Qd2 Kxf6 45. Qf2 Nh3+ 46. Kh1 Nxf2+ 47. Kg1 Qxg2# 0-1


[Site "https://www.chess.com"]

[Event "Titled Tuesday Blitz January 31 Late 2023"]
[White "Mosquera, Miguel"]
[Black "Araujo, Everson De Moura"]
[WhiteFideId "4401131"]
[BlackFideId "22737197"]
[WhiteElo "2371"]
[BlackElo "1944"]
[Result "1-0"]
[Round "05"]
[TimeControl "180+2"]
[Date "2023.01.31"]
[WhiteClock "0:00:07"]
[BlackClock "0:00:12"]

1. e4 e6 2. Qe2 d5 3. d4 Nf6 4. Nc3 dxe4 5. Nxe4 Be7 6. Nf3 Nc6 7. c3 Nxe4 8. Qxe4 Bf6 9. Bd3 g6 10. Bh6 Ne7 11. g4 Nd5 12. O-O-O Bd7 13. Rhe1 Bc6 14. Qe2 a5 15. Kb1 Be7 16. Ne5 Qd6 17. Nxc6 bxc6 18. c4 Nb4 19. d5 cxd5 20. cxd5 exd5 21. Bf4 Qe6 22. Bb5+ c6 23. Qd2 Qxg4 24. Ba4 Qf5+ 25. Ka1 O-O-O 26. Rxe7 Rd7 27. Rxd7 Qxd7 28. a3 Na6 29. Rc1 c5 30. Be3 d4 31. Bxd4 Kb7 32. Bxd7 1-0


[Site "https://www.chess.com"]

[Event "Titled Tuesday Blitz January 31 Late 2023"]
[White "Mazibuko, Khanya"]
[Black "Tarnowska, Aleksandra"]
[WhiteFideId "14321041"]
[BlackFideId "1180967"]
[WhiteElo "1913"]
[BlackElo "1835"]
[Result "1-0"]
[Round "05"]
[TimeControl "180+2"]
[Date "2023.01.31"]
[WhiteClock "0:00:39"]
[BlackClock "0:00:04"]

1. e4 c5 2. Nc3 d6 3. f4 Nc6 4. Nf3 g6 5. Bb5 Bg7 6. O-O a6 7. Bxc6+ bxc6 8. d3 Nf6 9. Qe1 O-O 10. Qh4 Qd7 11. f5 e6 12. Bg5 Ne8 13. f6 Nxf6 14. Bxf6 Bxf6 15. Qxf6 Qd8 16. Qf4 f6 17. Rae1 e5 18. Qd2 d5 19. Na4 Qd6 20. Qa5 dxe4 21. dxe4 c4 22. Qc5 Qe6 23. Nb6 Rb8 24. Nxc4 Rb5 25. Qd6 Qxc4 26. Ng5 Qc5+ 27. Qxc5 Rxc5 28. Nf3 Rxc2 29. Rc1 Rxb2 30. Rxc6 Rxa2 31. Rc7 Bg4 32. Rd1 Rf7 33. Rc6 Bxf3 34. gxf3 Kg7 35. Rdd6 Ra3 36. Kg2 Ra2+ 37. Kg3 a5 38. Ra6 a4 39. Ra5 h5 40. Raa6 Rf8 41. h4 Rf7 42. Rdb6 Rf8 43. Kh3 Rf7 44. Kg3 Ra3 45. Rb4 Ra1 46. Rbxa4 Rxa4 47. Rxa4 Rd7 48. Ra6 Kf7 49. Rb6 Kg7 50. Re6 Rd1 51. Re7+ Kh6 52. Ra7 Rd6 53. Rb7 g5 54. Rf7 Kg6 55. Ra7 gxh4+ 56. Kxh4 Rd1 57. Ra8 Rh1+ 58. Kg3 Rg1+ 59. Kf2 Rh1 60. Kg2 Rh4 61. Rg8+ Kf7 62. Rh8 Kg7 63. Ra8 Rf4 64. Ra7+ Kg6 65. Ra6 Kg5 66. Ra8 f5 67. Rg8+ Kh4 68. exf5 Rxf5 69. Re8 Rg5+ 70. Kf2 Rf5 71. Kg2 Kg5 72. Rg8+ Kf4 73. Kf2 h4 74. Rg4# 1-0


[Site "https://www.chess.com"]

[Event "Titled Tuesday Blitz January 31 Late 2023"]
[White "Clawitter, Craig"]
[Black "Zhou, Qiyu"]
[WhiteFideId "2023105"]
[BlackFideId "505161"]
[WhiteElo "2050"]
[BlackElo "2201"]
[Result "0-1"]
[Round "05"]
[TimeControl "180+2"]
[Date "2023.01.31"]
[WhiteClock "0:00:02"]
[BlackClock "0:00:31"]

1. e4 e5 2. Nf3 Nc6 3. Bb5 a6 4. Ba4 Nf6 5. O-O b5 6. Bb3 Be7 7. d3 O-O 8. Nc3 d6 9. a4 Rb8 10. axb5 axb5 11. h3 h6 12. Be3 Be6 13. Nd5 Kh7 14. Nd2 Bxd5 15. exd5 Nd4 16. Bxd4 exd4 17. Ne4 Qd7 18. Qf3 Ra8 19. Rae1 Rfe8 20. Ng3 Bf8 21. Qf5+ Qxf5 22. Nxf5 Re5 23. Nxd4 Rae8 24. Rxe5 Rxe5 25. Nxb5 c6 26. Nc3 Nxd5 27. Bxd5 cxd5 28. Ra1 Be7 29. Ra5 Re1+ 30. Kh2 d4 31. Ne4 Re2 32. Ra7 Bh4 33. g3 Bg5 34. h4 Bc1 35. b4 d5 36. Nc5 Rxf2+ 37. Kh3 Rxc2 38. Rxf7 Kg6 39. Rd7 Be3 40. Rxd5 Rb2 0-1


[Site "https://www.chess.com"]

[Event "Titled Tuesday Blitz January 31 Late 2023"]
[White "Sanal, Vahap"]
[Black "Yu, Yangyi"]
[WhiteFideId "6300545"]
[BlackFideId "8603820"]
[WhiteElo "2600"]
[BlackElo "2729"]
[Result "0-1"]
[Round "06"]
[TimeControl "180+2"]
[Date "2023.01.31"]
[WhiteClock "0:00:01"]
[BlackClock "0:00:19"]

1. e4 c5 2. Nf3 Nc6 3. d4 cxd4 4. Nxd4 Nf6 5. Nc3 e5 6. Ndb5 d6 7. Bg5 a6 8. Na3 b5 9. Nd5 Be7 10. Bxf6 Bxf6 11. c3 O-O 12. g3 g6 13. Bg2 Bg7 14. O-O Rb8 15. Nc2 Ne7 16. Nce3 Be6 17. Nxe7+ Qxe7 18. Nd5 Qb7 19. Ne3 Rfd8 20. Qd2 Bh6 21. a3 a5 22. Qd3 Qc6 23. Rad1 Bxe3 24. Qxe3 b4 25. axb4 axb4 26. cxb4 Rxb4 27. Rd2 Qb6 28. Qxb6 Rxb6 29. f4 Rdb8 30. f5 Ba2 31. Ra1 Bc4 32. Rc1 Ba2 33. f6 Be6 34. b4 g5 35. b5 Rxb5 36. Rxd6 Rb1 37. Rxb1 Rxb1+ 38. Kf2 Rb2+ 39. Ke3 h5 40. Bf3 Rxh2 41. Rb6 g4 42. Be2 Kh7 43. Bb5 Rb2 44. Rxe6 fxe6 45. Be8 Kh6 46. f7 Rb3+ 47. Ke2 Kg7 48. f8=Q+ Kxf8 49. Bxh5 Rxg3 0-1


[Site "https://www.chess.com"]

[Event "Titled Tuesday Blitz January 31 Late 2023"]
[White "Dominguez Perez, Leinier"]
[Black "Duda, Jan-Krzysztof"]
[WhiteFideId "3503240"]
[BlackFideId "1170546"]
[WhiteElo "2739"]
[BlackElo "2724"]
[Result "0-1"]
[Round "06"]
[TimeControl "180+2"]
[Date "2023.01.31"]
[WhiteClock "0:00:08"]
[BlackClock "0:00:33"]

1. d4 Nf6 2. Nf3 g6 3. e3 Bg7 4. Be2 O-O 5. O-O d6 6. c4 Nbd7 7. Nc3 e5 8. Qc2 Re8 9. Rd1 e4 10. Nd2 Qe7 11. b4 h5 12. Bb2 Nf8 13. Rac1 Bf5 14. d5 a6 15. c5 h4 16. h3 g5 17. Nc4 Rac8 18. cxd6 cxd6 19. Nb6 Rc7 20. Qd2 N8d7 21. Nca4 Rxc1 22. Rxc1 Ne5 23. Bxe5 Qxe5 24. Rc7 g4 25. hxg4 Nxg4 26. Bxg4 Bxg4 27. Nc3 h3 28. Ne2 hxg2 29. Nf4 Qg5 30. Qc1 Be5 31. Nxg2 Bf3 32. Qf1 Qh5 0-1


[Site "https://www.chess.com"]

[Event "Titled Tuesday Blitz January 31 Late 2023"]
[White "Indjic, Aleksandar"]
[Black "Bacrot, Etienne"]
[WhiteFideId "911925"]
[BlackFideId "605506"]
[WhiteElo "2618"]
[BlackElo "2667"]
[Result "1/2-1/2"]
[Round "06"]
[TimeControl "180+2"]
[Date "2023.01.31"]
[WhiteClock "0:00:22"]
[BlackClock "0:00:10"]

1. c4 c6 2. Nf3 d5 3. d4 Nf6 4. Nc3 dxc4 5. a4 Bf5 6. Ne5 Nbd7 7. Nxc4 Qc7 8. Bg5 Ne4 9. Bh4 e5 10. e3 Bb4 11. Rc1 exd4 12. exd4 O-O 13. Be2 Rfe8 14. O-O Qf4 15. Bg3 Nxg3 16. fxg3 Qg5 17. Rxf5 Qxf5 18. Bg4 Re1+ 19. Qxe1 Qxg4 20. Qe4 Qxe4 21. Nxe4 Nb6 22. b3 Rd8 23. Rd1 f5 24. Ng5 Bc3 25. Nf3 c5 26. Nxb6 axb6 27. d5 Bd4+ 28. Kf1 Rxd5 29. Ke2 Kf7 30. Nxd4 cxd4 31. Kd3 b5 32. a5 Ke6 33. Rc1 Kd7 34. b4 g6 35. Re1 Rd6 36. Re5 Kc6 37. Re7 h5 38. h4 Rf6 39. Kxd4 f4 40. Ke5 Rf5+ 41. Ke4 fxg3 42. Re6+ Kd7 43. Rxg6 Rf2 44. Rxg3 Rb2 45. Rd3+ Ke6 46. Kf4 Rxg2 47. Re3+ Kf6 48. Re4 Rg4+ 49. Kf3 Rxe4 50. Kxe4 Ke6 51. Kf4 Kf6 52. Ke4 Ke6 53. Kf4 Kf6 54. Ke4 1/2-1/2


[Site "https://www.chess.com"]

[Event "Titled Tuesday Blitz January 31 Late 2023"]
[White "Mosadeghpour, Masoud"]
[Black "Nakamura, Hikaru"]
[WhiteFideId "12519278"]
[BlackFideId "2016192"]
[WhiteElo "2472"]
[BlackElo "2775"]
[Result "1-0"]
[Round "06"]
[TimeControl "180+2"]
[Date "2023.01.31"]
[WhiteClock "0:01:28"]
[BlackClock "0:00:08"]

1. e4 c5 2. d4 cxd4 3. c3 dxc3 4. Nxc3 Nc6 5. Nf3 e6 6. Bc4 Nge7 7. Bg5 a6 8. O-O f6 9. Be3 b5 10. Bb3 Bb7 11. a4 b4 12. Nd5 Nc8 13. Bf4 Bd6 14. Bxd6 Nxd6 15. Nxf6+ gxf6 16. Qxd6 Rc8 17. Rad1 Qe7 18. Qd2 Na5 19. Ba2 Bxe4 20. Nd4 Rg8 21. f3 Bb7 22. Nf5 Qc5+ 23. Kh1 d5 24. Rfe1 Kd7 25. Qh6 Rce8 26. Qxh7+ Kd8 27. Nd4 Bc8 28. Nxe6+ Bxe6 29. Rxe6 Kc8 30. Bxd5 Rh8 31. Rxe8+ Rxe8 32. Qf7 Qe7 33. Qxe7 Rxe7 34. h4 Re2 35. Rc1+ Kb8 36. h5 Re5 37. Bf7 Re7 38. Bg6 Nb3 39. Rc4 a5 40. h6 Nd2 41. Rh4 Re1+ 42. Kh2 Nf1+ 43. Kh3 1-0


[Site "https://www.chess.com"]

[Event "Titled Tuesday Blitz January 31 Late 2023"]
[White "Andreikin, Dmitry"]
[Black "Babazada, Khazar"]
[WhiteFideId "4158814"]
[BlackFideId "13413554"]
[WhiteElo "2729"]
[BlackElo "2474"]
[Result "1/2-1/2"]
[Round "06"]
[TimeControl "180+2"]
[Date "2023.01.31"]
[WhiteClock "0:01:11"]
[BlackClock "0:02:07"]

1. c4 e5 2. Nc3 Nc6 3. e3 g6 4. d4 Bg7 5. d5 Nce7 6. d6 cxd6 7. Nb5 d5 8. Nd6+ Kf8 9. Nf3 Qb6 10. Nb5 a6 11. Nc3 d4 12. exd4 exd4 13. Ne4 d5 14. cxd5 Bf5 15. Bd3 Nf6 16. Nxf6 Qxf6 17. Bg5 Qd6 18. O-O f6 19. Bh4 Qxd5 20. Re1 Bxd3 21. Qxd3 Nc6 22. Rad1 Kf7 23. Nxd4 Rhd8 24. Nxc6 Qxd3 25. Nxd8+ Rxd8 26. Rxd3 Rxd3 27. h3 g5 28. Bg3 f5 29. Be5 Bxe5 30. Rxe5 Kf6 31. Re2 1/2-1/2


[Site "https://www.chess.com"]

[Event "Titled Tuesday Blitz January 31 Late 2023"]
[White "Dubov, Daniil"]
[Black "Zierk, Steven"]
[WhiteFideId "24126055"]
[BlackFideId "2034255"]
[WhiteElo "2708"]
[BlackElo "2488"]
[Result "1-0"]
[Round "06"]
[TimeControl "180+2"]
[Date "2023.01.31"]
[WhiteClock "0:00:40"]
[BlackClock "0:01:14"]

1. d4 e6 2. Nf3 f5 3. g3 Nf6 4. Bg2 d5 5. O-O Bd6 6. Nbd2 O-O 7. b3 b6 8. Bb2 Bb7 9. Ne5 c5 10. c4 cxd4 11. Bxd4 Qe7 12. Rc1 Na6 13. cxd5 Nxd5 14. Ndc4 Bc5 15. e3 Rfd8 16. Qe2 Bxd4 17. exd4 Nf6 18. Nc6 Bxc6 19. Bxc6 Rac8 20. Nxb6 axb6 21. Qxa6 Qd6 22. Bf3 Rxc1 23. Rxc1 Qxd4 24. Rd1 Qxd1+ 25. Bxd1 Rxd1+ 26. Kg2 Nd5 27. Qe2 1-0


[Site "https://www.chess.com"]

[Event "Titled Tuesday Blitz January 31 Late 2023"]
[White "Kazakouski, Valery"]
[Black "Kozak, Adam"]
[WhiteFideId "13507443"]
[BlackFideId "753246"]
[WhiteElo "2539"]
[BlackElo "2572"]
[Result "0-1"]
[Round "06"]
[TimeControl "180+2"]
[Date "2023.01.31"]
[WhiteClock "0:00:09"]
[BlackClock "0:00:53"]

1. Nf3 d5 2. c4 d4 3. b4 g6 4. g3 Bg7 5. d3 e5 6. Bg2 Ne7 7. O-O O-O 8. a4 c6 9. Ba3 b6 10. b5 c5 11. Nxe5 Bxe5 12. Bxa8 h5 13. Bg2 h4 14. Ra2 Nd7 15. Bc1 Nf6 16. Nd2 h3 17. Bh1 Ng4 18. Nf3 Bc7 19. a5 f6 20. axb6 axb6 21. Bd2 g5 22. Re1 Nf5 23. Ra8 Qd6 24. Bc1 Kg7 25. Ra7 Rf7 26. e4 dxe3 27. fxe3 Nxg3 28. Qc2 Nf5 29. Bb2 Nfxe3 30. Qd2 Nxh2 31. Qxh2 Qxh2+ 32. Nxh2 Bxh2+ 33. Kxh2 Ng4+ 34. Kxh3 Rxa7 35. Kg3 Ra2 36. Re7+ Kg6 37. Re2 Bf5 38. Bf3 Ne5 39. Bxe5 Rxe2 40. Bxe2 fxe5 41. Bf3 Kf6 42. Be2 e4 43. dxe4 Bxe4 44. Kf2 Ke5 45. Ke3 Bf5 46. Bf3 g4 47. Be2 g3 48. Bf1 Be4 49. Be2 g2 50. Kf2 Kd4 0-1


[Site "https://www.chess.com"]

[Event "Titled Tuesday Blitz January 31 Late 2023"]
[White "Urazayev, Arystanbek"]
[Black "Lenderman, Aleksandr"]
[WhiteFideId "13709810"]
[BlackFideId "2021285"]
[WhiteElo "2460"]
[BlackElo "2572"]
[Result "0-1"]
[Round "06"]
[TimeControl "180+2"]
[Date "2023.01.31"]
[WhiteClock "0:00:09"]
[BlackClock "0:00:58"]

1. e4 e6 2. d4 d5 3. e5 c5 4. c3 Nc6 5. Nf3 Nge7 6. Na3 cxd4 7. cxd4 Nf5 8. Nc2 f6 9. exf6 Qxf6 10. Bb5 Bd6 11. O-O O-O 12. Bxc6 bxc6 13. Re1 c5 14. dxc5 Bxc5 15. b4 Bb6 16. Bg5 Qg6 17. Qd2 d4 18. Ne5 Qe8 19. a4 a6 20. Nd3 Bb7 21. f3 h6 22. Bf4 Rc8 23. Nc5 Bxc5 24. bxc5 Rxc5 25. Qb4 Rxc2 26. Qxb7 Qg6 27. g3 d3 28. Qxa6 Nd4 29. Kh1 Rxf4 30. Rf1 Rh4 0-1


[Site "https://www.chess.com"]

[Event "Titled Tuesday Blitz January 31 Late 2023"]
[White "Carlsen, Magnus"]
[Black "Svane, Frederik"]
[WhiteFideId "1503014"]
[BlackFideId "12923044"]
[WhiteElo "2853"]
[BlackElo "2600"]
[Result "1-0"]
[Round "06"]
[TimeControl "180+2"]
[Date "2023.01.31"]
[WhiteClock "0:00:03"]
[BlackClock "0:00:01"]

1. e4 e5 2. Nf3 Nc6 3. d4 exd4 4. Nxd4 Qf6 5. Nf3 Bb4+ 6. c3 Bc5 7. Bd3 Nge7 8. O-O d6 9. b4 Bb6 10. Bg5 Qe6 11. Nbd2 h6 12. Bh4 Ng6 13. Bg3 Nce5 14. Nxe5 Nxe5 15. Bc2 O-O 16. h3 a5 17. Kh2 axb4 18. Bb3 Qg6 19. cxb4 Nc6 20. Nc4 Qxe4 21. Nxb6 cxb6 22. Qxd6 Rd8 23. Qc7 Rd7 24. Rfe1 Rxc7 25. Rxe4 Re7 26. Rxe7 Nxe7 27. Re1 Be6 28. Bxe6 fxe6 29. Rxe6 Nd5 30. Rd6 Nxb4 31. Rxb6 Nxa2 32. Rxb7 Rf8 33. Be5 Rf7 34. Rb2 Nc1 35. Rd2 Nb3 36. Rc2 Na5 37. f4 Nb7 38. g4 Kh7 39. Kg3 Re7 40. Rc8 Rd7 41. h4 Nd8 42. g5 hxg5 43. hxg5 Nf7 44. Kg4 Nxe5+ 45. fxe5 Kg6 46. Rc6+ Kh7 47. Kf5 Rd1 48. e6 Re1 49. Rc4 Kg8 50. Re4 1-0


[Site "https://www.chess.com"]

[Event "Titled Tuesday Blitz January 31 Late 2023"]
[White "Van Foreest, Lucas"]
[Black "So, Wesley"]
[WhiteFideId "1039792"]
[BlackFideId "5202213"]
[WhiteElo "2556"]
[BlackElo "2760"]
[Result "0-1"]
[Round "06"]
[TimeControl "180+2"]
[Date "2023.01.31"]
[WhiteClock "0:00:02"]
[BlackClock "0:00:09"]

1. e4 e5 2. Qg4 Nf6 3. Qg3 Nc6 4. Nc3 g6 5. Bc4 Bg7 6. d3 O-O 7. Nge2 d6 8. O-O Na5 9. Bb3 Nh5 10. Qg5 Qxg5 11. Bxg5 h6 12. Be3 c6 13. f4 b6 14. h3 exf4 15. Nxf4 Nxf4 16. Bxf4 Nxb3 17. axb3 Rd8 18. Be3 Bb7 19. Ra2 d5 20. exd5 cxd5 21. Bf2 d4 22. Nb1 a6 23. Nd2 Rac8 24. Rc1 h5 25. Bh4 Re8 26. Nc4 Re2 27. Nd6 Bh6 28. Re1 Be3+ 29. Kf1 Rexc2 30. Nxb7 g5 31. Nd6 R8c6 32. Bxg5 Bxg5 33. Ne4 Be3 34. Re2 Rc1+ 35. Re1 f5 36. Nf6+ Kf7 37. Nxh5 R1c2 38. Re2 Rc1+ 39. Re1 R1c2 40. Re2 f4 41. Rxc2 Rxc2 42. Rxa6 Kg6 43. g4 f3 44. Rxb6+ Kg5 45. h4+ Kxh4 0-1


[Site "https://www.chess.com"]

[Event "Titled Tuesday Blitz January 31 Late 2023"]
[White "Boruchovsky, Avital"]
[Black "Caruana, Fabiano"]
[WhiteFideId "2800055"]
[BlackFideId "2020009"]
[WhiteElo "2539"]
[BlackElo "2764"]
[Result "0-1"]
[Round "06"]
[TimeControl "180+2"]
[Date "2023.01.31"]
[WhiteClock "0:00:14"]
[BlackClock "0:00:48"]

1. e4 c5 2. Nf3 Nc6 3. Bb5 e6 4. O-O Nge7 5. Re1 a6 6. Bf1 Ng6 7. c3 Be7 8. d4 cxd4 9. cxd4 d5 10. e5 O-O 11. Nc3 Bd7 12. g3 f6 13. exf6 Rxf6 14. Bg2 h6 15. Be3 Bd6 16. h4 Nge7 17. Ne2 Be8 18. Nf4 Nf5 19. Bd2 Bxf4 20. Bxf4 Bh5 21. Qd2 Bxf3 22. Bxf3 Nfxd4 23. Bg2 Qd7 24. Re3 Raf8 25. Rae1 Kh8 26. Rd3 Nf5 27. Be5 Nxe5 28. Rxe5 Qf7 29. f4 Nd6 30. b3 Qg6 31. Qe2 Rc8 32. Kh2 Nf5 33. Bh3 Rc6 34. Bg4 Nxg3 35. Kxg3 Rc1 36. Rd1 Rc3+ 37. Kh2 Rc2 38. Rd2 Rxd2 39. Qxd2 Qxg4 0-1


[Site "https://www.chess.com"]